 Dungeon Crawl Stone Soup version 0.30.1-4-g462c640d31 (webtiles) character file.

Game seed: 13864768925293244518

105 spardeous the Conjurer (level 4, -1/33 HPs)
             Began as a Demigod Conjurer on Sept 2, 2023.
             Killed from afar by Ijyb (5 damage)
             ... with a puff of flame
             ... on level 3 of the Dungeon.
             The game lasted 00:01:10 (2843 turns).

spardeous the Conjurer (Demigod Conjurer)           Turns: 2843, Time: 00:01:10

Health: -1/33      AC:  3    Str:  8    XL:     4   Next: 29%
Magic:  3/11       EV: 12    Int: 24    God:
Gold:   93         SH:  0    Dex: 12    Spells: 6/9 levels left

rFire   . . .        (no weapon)
rCold   . . .        (no shield)
rNeg    . . .        a - +0 robe
rPois   .            (no helmet)
rElec   .            c - +0 cloak
rCorr   .            (no gloves)
SInv    .            (no boots)
Will    .....        (no amulet)
Stlth   ++           (no ring)
HPRegen 0.25/turn    (no ring)
MPRegen 0.12/turn

%: no passive effects
@: no status effects
A: high MP 1, forlorn, divine attributes
a: no special abilities


You were on level 3 of the Dungeon.
You visited 1 branch of the dungeon, and saw 3 of its levels.

You collected 93 gold pieces.

Inventory:

Armour
 a - a +0 robe (worn)
 c - a +0 cloak (worn)
Scrolls
 d - a scroll of teleportation {unknown}
 e - a scroll of silence {unknown}
 h - 2 scrolls of immolation {unknown}
 j - 3 scrolls of identify {unknown}
 l - a scroll of enchant weapon {unknown}
 m - a scroll of fog {unknown}
 n - a scroll of vulnerability {unknown}
Potions
 b - a potion of magic
 f - a potion of heal wounds {unknown}
 g - 3 potions of curing {unknown}
 i - 2 potions of ambrosia {unknown}
 k - 2 potions of brilliance {unknown}


   Skills:
 - Level 1.7 Dodging
 - Level 1.7 Stealth
 + Level 3.1 Spellcasting
 + Level 4.6 Conjurations


You had 6 spell levels left.
You knew the following spells:

 Your Spells              Type           Power      Damage    Failure   Level
a - Magic Dart            Conj           100%       1d8       1%          1
b - Searing Ray           Conj           52%        2d6       2%          2

Your spell library contained the following spells:

 Spells                   Type           Power      Damage    Failure   Level
 Dazzling Flash           Conj/Hex       28%        N/A       12%         3
 Stone Arrow              Conj/Erth      28%        3d8       12%         3
 Fulminant Prism          Conj/Hex       7%         3d7       38%         4
 Iskenderun's Mystic Bla  Conj/Tloc      14%        2d5       38%         4
 Animate Armour           Summ/Erth      6%         N/A       71%         4
 Lehudib's Crystal Spear  Conj/Erth      7%         10d3      100%        8


Dungeon Overview and Level Annotations

Branches:
Dungeon (3/15)

Annotations:
D:3 Ijyb


Innate Abilities, Weirdness & Mutations

You have an increased reservoir of magic. (+10% MP)
You shall have no god before yourself.
Your divine heritage dramatically boosts your attributes as you level up.


Message History

Ijyb is heavily wounded.
Ijyb closely misses you.
The searing ray hits Ijyb.
Ijyb is heavily wounded.
Ijyb closely misses you.
You now have 2/11 mp.
The searing ray hits Ijyb but does no damage.
Ijyb is heavily wounded.
You finish channelling your searing ray.
Ijyb closely misses you.
You now have 1/11 mp.
Ijyb hits you with a +0 club.
You take 1 damage, and have 21/33 hp.
Ijyb zaps a wand.
The puff of flame misses you.
There is an open door here.
You close the door.
Ijyb breaks down the door.
Ijyb zaps a wand.
The puff of flame hits you.
You take 2 damage, and have 21/33 hp.
Ijyb screams, "I no like you!"
There is an open door here.
Ijyb zaps a wand.
The puff of flame hits you!
* * * LOW HITPOINT WARNING * * *
You see here a +0 sling.
You take 10 damage, and have 11/33 hp.
MASSIVE DAMAGE!!
You close the door.
Okay, then.
Okay, then.
You start resting.
Ijyb the Twisted Goblin opens the door.
She is wielding a +0 club and carrying a wand of flame (22).
Ijyb screams, "Me very upset!"
Ijyb zaps a wand.
The puff of flame hits you.
* * * LOW HITPOINT WARNING * * *
You take 5 damage, and have 8/33 hp.
Ijyb zaps a wand.
The puff of flame hits you.
* * * LOW HITPOINT WARNING * * *
There is an open door here.
You take 5 damage, and have 3/33 hp.
Ijyb attacks as you move away! Ijyb misses you.
Ijyb zaps a wand.
The puff of flame hits you.
You die...

#....≈≈#########†.#...#
######..≈≈#..........#...#
..........'........).#...#
#######...'.......)..#)..#
#..†'..........#.).#
##≈≈#.......†..#...#
#≈≈#########..##''#
##≈≈≈..#...#......#
#≈≈≈.)g.@.'......#
##≈≈..#...#......#
#################


You could see Ijyb.

Vanquished Creatures
  5 adders
  A worm (D:2)
  An orc (D:3)
  5 endoplasms
  A giant cockroach (D:3)
  13 goblins
  4 hobgoblins
  3 jackals (D:3)
  A kobold (D:2)
  A quokka (D:2)
  6 ball pythons
  4 bats
  4 frilled lizards
  4 rats
53 creatures vanquished.

Notes
Turn   | Place    | Note
-------+----------+-------------------------------------------
     0 | D:1      | spardeous the Demigod Conjurer began the quest for the Orb.
     0 | D:1      | Reached XP level 1. HP: 14/14 MP: 5/5
   470 | D:1      | Reached XP level 2. HP: 20/20 MP: 1/7
  1265 | D:2      | Learned a level 2 spell: Searing Ray
  1285 | D:2      | Reached skill level 4 in Conjurations
  1519 | D:2      | Reached XP level 3. HP: 26/26 MP: 3/9
  2530 | D:3      | Reached XP level 4. HP: 33/33 MP: 7/11
  2813 | D:3      | Noticed Ijyb
  2843 | D:3      | Killed from afar by Ijyb

Illustrated notes

Levels and vault maps discovered:
D:1:      enne_arrival_octagon_isle, layout_loops_corners
D:2:      layout_loops_ring, basic_altar, minmay_pentomino_x2
D:3:      kennysheep_goblin_castle, layout_loops_ring,
          nicolae_gozag_cash_rules_everything_around_me, lemuel_doored_altar,
          chequers_serial_rivers_micro_d, uniq_natasha, uniq_ijyb

Skill      XL: |  1  2  3 |
---------------+----------+-----
Spellcasting   | 2 3 |  3.1
Conjurations   | 4 |  4.6
Dodging        | |  1.7
Stealth        | |  1.7

Action                     |  1- 3 |  4- 6 || total
---------------------------+-------+-------++-------
   Cast: Magic Dart        |    85 |    23 ||   108
         Searing Ray       |       |     1 ||     1
 Armour: Robe              |     1 |       ||     1
  Dodge: Dodged            |     2 |     8 ||    10
